 Dungeon Crawl Stone Soup version 0.29.1-15-g9cfb28693d (webtiles) character file.

Game seed: 3200676476188851469

452 Ast3rio the Trooper (level 6, 0/57 HPs)
             Began as a Minotaur Berserker on Mar 14, 2023.
             Was a Believer of Trog.
             Slain by a hobgoblin (2 damage)
             ... on level 4 of the Dungeon.
             The game lasted 00:04:44 (2863 turns).

Ast3rio the Trooper (Minotaur Berserker)            Turns: 2863, Time: 00:04:46

Health: 0/57       AC:  9    Str: 23    XL:     6   Next: 75%
Magic:  5/5        EV:  9    Int:  4    God:    Trog [**....]
Gold:   162        SH:  0    Dex: 10    Spells: 5/5 levels left

rFire   . . .      SeeInvis .   a - +0 spear
rCold   . . .      Faith    .   (no shield)
rNeg    . . .      Spirit   .   s - +0 chain mail
rPois   .          Reflect  .   (helmet restricted)
rElec   .          Harm     .   (no cloak)
rCorr   .          Rampage  .   (no gloves)
Will    .....                   (no boots)
Stlth   ..........              (no amulet)
HPRegen 0.19/turn               (no ring)
MPRegen 0.09/turn               (no ring)

@: no status effects
A: horns 2, retaliatory headbutt
a: Renounce Religion, Berserk, Trog's Hand


You were on level 4 of the Dungeon.
You worshipped Trog.
Trog was pleased with you.
You visited 1 branch of the dungeon, and saw 4 of its levels.

You collected 162 gold pieces.

Inventory:

Hand Weapons
 a - a +0 spear (weapon)
Armour
 b - a +0 animal skin
 s - a +0 chain mail (worn)
Jewellery
 e - a ring of poison resistance
Wands
 q - a wand of polymorph (4)
 x - a wand of iceblast (8)
Scrolls
 d - 2 scrolls of magic mapping {unknown}
 g - 4 scrolls of fog {unknown}
 j - a scroll of vulnerability {unknown}
 l - a scroll of enchant armour {unknown}
 m - 4 scrolls of identify {unknown}
 o - 2 scrolls of teleportation {unknown}
 p - 2 scrolls of noise {unknown}
 t - 2 scrolls of enchant weapon {unknown}
 v - a scroll of immolation {unknown}
Potions
 c - a potion of heal wounds {unknown}
 f - a potion of flight {unknown}
 h - 2 potions of berserk rage {unknown}
 i - 4 potions of might {unknown}
 k - 2 potions of lignification {unknown}
 n - 2 potions of curing {unknown}
 r - a potion of cancellation {unknown}
 u - a potion of ambrosia {unknown}
 w - a potion of mutation {unknown}


   Skills:
 * Level 5.7 Fighting
 * Level 5.7 Polearms
 + Level 4.6 Armour
 + Level 4.2 Dodging


You had 5 spell levels left.
You didn't know any spells.
Your spell library was empty.

Dungeon Overview and Level Annotations

Branches:
Dungeon (4/15)
 Temple: D:4-7

Altars:


Innate Abilities, Weirdness & Mutations

You have a pair of horns on your head.
You reflexively headbutt those who attack you in melee.


Message History

The ogre shouts!
A hobgoblin comes into view.
The hobgoblin shouts!
You hear a shout! x3
An orc wizard comes into view. It is wielding a +0 dagger.
The orc wizard shouts!
You closely miss the ogre. The ogre barely misses you. You furiously retaliate!
You headbutt the ogre. You puncture the ogre! You headbutt the ogre!
The ogre is severely wounded.
The orc wizard casts a spell at you.
You are confused.
The ogre hits you with a +0 giant club!!
Ouch! That really hurt!
You are too injured to fight recklessly!
You are too injured to fight recklessly!
You are too injured to fight recklessly!
You are too injured to fight recklessly!
You are too confused!
The hobgoblin attacks as you move away!
The hobgoblin hits you but does no damage.
The orc wizard casts a spell at you. The magic dart hits you.
You bump into the rock wall.
The hobgoblin hits you but does no damage.
You hit the hobgoblin.
The hobgoblin is moderately wounded.
The hobgoblin hits you. The ogre hits you with a +0 giant club.
An orc comes into view. It is wielding a +3 short sword.
You bump into the rock wall.
The hobgoblin hits you but does no damage.
You bump into the rock wall.
The ogre barely misses you. The orc wizard misses you. The hobgoblin hits you.
* * * LOW HITPOINT WARNING * * *
You're too confused to move!
You feel less confused. The orc wizard casts a spell at you.
You resist with some effort. The ogre hits you with a +0 giant club!
* * * LOW HITPOINT WARNING * * *
The hobgoblin hits you.
You die...

##. #.. # #.#
.##
######.###..#
......>.... ..
#.......<##...#
##gOo....#
##.@o####...
#....# ##.####
## #..# .#####
#..# .....#####
##..#
.###.....###...#
.#
#####...<...##
)# ###..†...#


You could see an ogre, an orc wizard, an orc and a hobgoblin.

Vanquished Creatures
  Sigmund (D:2)
  The ghost of brody1818 the Slasher, an amateur MiWn (D:3)
  Crazy Yiuf (D:2)
  A hound (D:4)
  Terence (D:2)
  3 adders
  A worm (D:3)
  3 dart slugs
  2 orcs (D:3)
  A giant cockroach (D:3)
  8 goblins
  4 hobgoblins
  2 quokkas
  5 ball pythons
  5 bats
  A frilled lizard (D:3)
  3 kobolds
  4 rats
47 creatures vanquished.

Notes
Turn   | Place    | Note
-------+----------+-------------------------------------------
     0 | D:1      | Ast3rio the Minotaur Berserker began the quest for the Orb.
     0 | D:1      | Reached XP level 1. HP: 19/19 MP: 0/0
   228 | D:1      | Reached XP level 2. HP: 27/27 MP: 1/1
   250 | D:1      | Found a faded altar of an unknown god.
   646 | D:2      | Noticed Terence
   650 | D:2      | Killed Terence
   651 | D:2      | Reached XP level 3. HP: 28/33 MP: 2/2
   893 | D:2      | Noticed Sigmund
   914 | D:2      | Killed Sigmund
   915 | D:2      | Reached skill level 5 in Fighting
   915 | D:2      | Reached skill level 5 in Polearms
   915 | D:2      | Reached XP level 4. HP: 10/42 MP: 3/3
   915 | D:2      | Reached XP level 5. HP: 12/48 MP: 4/4
  1780 | D:2      | Found a runed translucent door.
  1781 | D:2      | Noticed Crazy Yiuf
  1967 | D:2      | Killed Crazy Yiuf
  2048 | D:3      | Reached ** piety under Trog
  2049 | D:3      | Reached XP level 6. HP: 56/56 MP: 5/5
  2433 | D:3      | Found a large runed translucent door.
  2433 | D:3      | Found a large runed translucent door.
  2440 | D:3      | Noticed brody1818's ghost (amateur MiWn)
  2748 | D:3      | Killed brody1818's ghost
  2863 | D:4      | HP: 2/57 [ogre/+0 giant club (15)]
  2863 | D:4      | Slain by a hobgoblin

Illustrated notes

Levels and vault maps discovered:
D:1:      eino_arrival_water_cross, layout_basic,
          chequers_ecumenical_altar_simple
D:2:      layout_basic, minmay_misc_feat_columns, uniq_terence,
          uniq_crazy_yiuf_cottage, uniq_sigmund
D:3:      layout_loops_ring, ebering_ghost_disaster_area
D:4:      layout_rooms, uniq_natasha

Skill      XL: |  1  2  3  4  5  6 |
---------------+-------------------+-----
Fighting       | 4 5 |  5.7
Polearms       | 4 5 |  5.7
Armour         | 3 4 |  4.6
Dodging        | 3 4 |  4.2

Action                   |  1- 3 |  4- 6 || total
-------------------------+-------+-------++-------
Melee: Spear             |    86 |    77 ||   163
       Headbutt          |     9 |    10 ||    19
       Punch             |     2 |       ||     2
Invok: Berserk           |       |     1 ||     1
 Stab: Sleeping          |       |     1 ||     1
Armor: Animal skin       |     3 |     3 ||     6
       Chain mail        |       |    15 ||    15
Dodge: Dodged            |    35 |    20 ||    55
